 Dungeon Crawl Stone Soup version 0.22.0-38-g04b72b8 (webtiles) character file.

111 poirepourri the Chopper (level 5, 0/41 HPs)
             Began as a Formicid Fighter on Aug 29, 2018.
             Slain by a phantom (1 damage)
             ... on level 2 of the Dungeon.
             The game lasted 00:01:09 (955 turns).

poirepourri the Chopper (Formicid Fighter)           Turns: 955, Time: 00:01:09

Health: 0/41       AC:  6    Str: 20    XL:     5   Next: 15%
Magic:  5/5        EV:  7    Int:  8    God:
Gold:   50         SH:  9    Dex: 11    Spells: 4/4 levels left

rFire    . . .     SeeInvis +   a - +0 war axe
rCold    . . .     Gourm    .   c - +0 shield
rNeg     . . .     Faith    .   b - +0 scale mail
rPois    .         Spirit   .   (helmet unavailable)
rElec    .         Reflect  .   (no cloak)
rCorr    .         Harm     .   (no gloves)
MR       .....                  (no boots)
Stlth    ..........             (no amulet)
HPRegen  0.13/turn              (no ring)
MPRegen  0.09/turn              (no ring)

@: no status effects
A: permanent stasis, dig shafts and tunnels, four strong arms, antennae 3
a: Dig, Shaft Self


You were on level 2 of the Dungeon.
You were not hungry.

You visited 1 branch of the dungeon, and saw 2 of its levels.

You collected 50 gold pieces.

Inventory:

Hand Weapons
 a - a +0 war axe (weapon)
Armour
 b - a +0 scale mail (worn)
 c - a +0 shield (worn)
Scrolls
 e - a scroll of remove curse {unknown}
 g - a scroll of enchant armour {unknown}
 h - 2 scrolls of identify {unknown}
 i - a scroll of enchant weapon {unknown}
Potions
 j - a potion of mutation {unknown}
Comestibles
 f - 2 rations


   Skills:
 - Level 3.4 Fighting
 + Level 4.8 Axes
 - Level 3.3 Armour
 - Level 3.6 Shields


You had 4 spell levels left.
You didn't know any spells.
Your spell library was empty.

Dungeon Overview and Level Annotations

Branches:
Dungeon (2/15)

Altars:
Ashenzari


Innate Abilities, Weirdness & Mutations

You cannot be hasted, slowed, berserked, paralysed or teleported.
You can dig through walls and to a lower floor.
Your four strong arms can wield two-handed weapons with a shield.
You have a pair of large antennae on your head. (SInv)


Message History

The phantom is almost destroyed.
You block the phantom's attack.
The phantom hits you but does no damage.
You hit the phantom.
The phantom is almost destroyed.
The phantom hits you.
* * * LOW HITPOINT WARNING * * *
The phantom blinks!
The phantom blinks!
The phantom hits you.
* * * LOW HITPOINT WARNING * * *
You barely miss the phantom.
The phantom is almost destroyed.
The phantom hits you.
* * * LOW HITPOINT WARNING * * *
You closely miss the phantom.
The phantom is almost destroyed.
The phantom hits you but does no damage.
The phantom hits you.
You die...

#.....#### #...#
.......### #...#
..........###...####
.........#..........#
.>.......#..........#
.#.......###..<......#
####...#### #....#
##@...### #.W.....#
#.......# #.......#
###...### ....# #####


You could see a phantom.

Vanquished Creatures
  Natasha (twice) (D:2)
  2 adders (D:2)
  2 oozes
  2 worms (D:2)
  2 dart slugs (D:1)
  3 bats (D:1)
  2 goblins (D:2)
  4 hobgoblins (D:1)
  2 frilled lizards (D:1)
  6 kobolds
  5 rats
32 creatures vanquished.

Notes
Turn   | Place    | Note
-------+----------+-------------------------------------------
     0 | D:1      | poirepourri the Formicid Fighter began the quest for the Orb.
     0 | D:1      | Reached XP level 1. HP: 18/18 MP: 1/1
   132 | D:1      | Reached XP level 2. HP: 22/24 MP: 2/2
   299 | D:1      | Reached skill level 3 in Axes
   323 | D:1      | Reached XP level 3. HP: 23/29 MP: 3/3
   330 | D:1      | You fall through a shaft!
   340 | D:2      | Found a shattered altar of Ashenzari.
   371 | D:2      | Noticed Natasha
   389 | D:2      | Killed Natasha
   389 | D:2      | Reached skill level 4 in Axes
   389 | D:2      | Reached XP level 4. HP: 8/35 MP: 4/4
   499 | D:2      | Noticed Natasha
   505 | D:2      | Killed Natasha
   902 | D:2      | Noticed a phantom
   907 | D:2      | Reached XP level 5. HP: 29/41 MP: 5/5
   954 | D:2      | HP: 1/41 [phantom (2)]
   955 | D:2      | Slain by a phantom

Skill      XL: |  1  2  3 |
---------------+----------+-----
Axes           | 3 4 |  4.8
Fighting       | |  3.4
Armour         | |  3.3
Shields        | |  3.6

Action                   |  1- 3 |  4- 6 || total
-------------------------+-------+-------++-------
Melee: War axe           |    73 |    38 ||   111
 Abil: Shaft Self        |     1 |       ||     1
  Use: Potion            |     1 |       ||     1
  Eat: Ration            |       |     1 ||     1
Armor: Scale mail        |    30 |    12 ||    42
Dodge: Dodged            |    21 |     8 ||    29
Block: Shield            |    36 |    17 ||    53
